 Dungeon Crawl Stone Soup version 0.18-a0-5-gf1fb587 (webtiles) character file.

107 soupofsoups the Cudgeler (level 4, -6/24 HPs)
             Began as a Vine Stalker Gladiator on Oct 31, 2015.
             Mangled by Zizzlebop's ghost (8 damage)
             ... on level 3 of the Dungeon.
             The game lasted 00:08:10 (1575 turns).

soupofsoups the Cudgeler (Vine Stalker Gladiator)   Turns: 1575, Time: 00:08:10

Health: -6/24      AC:  9    Str: 18    XL:     4   Next: 86%
Magic:  0/5        EV:  8    Int:  8    God:
Gold:   124        SH:  0    Dex: 15    Spells: 0 memorised, 3 levels left

rFire  . . .     SeeInvis .     p - +0 whip
rCold  . . .     Clarity  .     k - +0 chain mail
rNeg   . . .     SustAt   .     (no shield)
rPois  .         Gourm    .     c - +0 helmet
rElec  .         Spirit   +     (no cloak)
rCorr  .         Warding  .     (no gloves)
rMut   .         Stasis   .     (no boots)
MR     .....                    (no amulet)
Stlth  ..........               (no ring)
                                (no ring)

@: not resistant to hostile enchantments, extremely unstealthy
A: fangs 2, regeneration 1, magic shield, antimagic bite, no device heal 3, rot
immunity
a: no special abilities


You were on level 3 of the Dungeon.
You were not hungry.

You visited 1 branch of the dungeon, and saw 3 of its levels.

You collected 124 gold pieces.

Inventory:

Hand Weapons
 a - a +0 flail
 m - a +2 club
 p - a +0 whip (weapon)
Missiles
 d - 2 throwing nets (quivered)
 g - 36 bolts
Armour
 b - a +0 leather armour
 c - a +0 helmet (worn)
 k - a +0 chain mail (worn)
Scrolls
 f - a scroll of immolation {unknown}
 n - a scroll of magic mapping {unknown}
 o - a scroll of remove curse {unknown}
Potions
 j - a potion of heal wounds {unknown}
 l - a potion of agility {unknown}
Comestibles
 e - 6 bread rations
 h - 2 slices of pizza
 i - a meat ration
 q - 3 chunks of flesh
 r - a beef jerky


   Skills:
 + Level 3.1 Fighting
 + Level 4.0 Maces & Flails
 - Level 1.7 Throwing
 + Level 0.2 Armour
 - Level 2.4 Dodging


You had 3 spell levels left.
You didn't know any spells.

Dungeon Overview and Level Annotations

Branches:
Dungeon (3/15)

Altars:

Annotations:
D:3 Zizzlebop's ghost, amateur HOBe


Innate Abilities, Weirdness & Mutations

You have extremely sharp teeth.
Your natural rate of healing is unusually fast.
When hurt, damage is shared between your health and your magic reserves.
Your bite disrupts and absorbs the magic of your enemies.
Potions and wands cannot restore your health.
You are immune to rotting.


Message History

Zizzlebop's ghost hits you.
You barely miss Zizzlebop's ghost. You bite Zizzlebop's ghost.
You drain its power.
You feel invigorated.
Zizzlebop's ghost is severely damaged.
Zizzlebop's ghost hits you!
You hit Zizzlebop's ghost but do no damage.
Zizzlebop's ghost is severely damaged.
Zizzlebop's ghost hits you.
You hit Zizzlebop's ghost.
Zizzlebop's ghost is almost destroyed.
Zizzlebop's ghost hits you but does no damage.
You hit Zizzlebop's ghost but do no damage.
Zizzlebop's ghost is almost destroyed.
Zizzlebop's ghost hits you!
* * * LOW HITPOINT WARNING * * *
You hit Zizzlebop's ghost. You bite Zizzlebop's ghost. You drain its power.
You feel invigorated.
Zizzlebop's ghost is almost destroyed.
Zizzlebop's ghost hits you!
You die...

#..###.#...###.#
#...(..........#
#####.#######.######
#.........# #.# ##
#.###.###.###+## #. #.#
#.# #.##...## ##
##.###.###.#.....## #
#...(.............##
#...@W###.[........##
.....................['.
####.....###..........##
#.................##
##.##.###.##..<..## #.#
.# ##...## #. .# ##+##
#. ..


You could see Zizzlebop's ghost.

Vanquished Creatures
  Jessica (D:2)
  3 gnolls (D:2)
  A giant gecko (D:1)
  3 orcs (D:3)
  5 bats
  A giant cockroach (D:1)
  7 goblins
  7 hobgoblins
  13 giant newts
  7 kobolds
  6 rats
54 creatures vanquished.

Notes
Turn   | Place    | Note
--------------------------------------------------------------
     0 | D:1      | soupofsoups the Vine Stalker Gladiator began the quest for the Orb.
     0 | D:1      | Reached XP level 1. HP: 11/11 MP: 2/2
   116 | D:1      | Reached XP level 2. HP: 15/15 MP: 1/3
   147 | D:1      | Reached skill level 3 in Maces & Flails
   455 | D:1      | Reached XP level 3. HP: 17/19 MP: 4/4
   781 | D:2      | Reached XP level 4. HP: 23/23 MP: 5/5
   900 | D:2      | Noticed Jessica
   907 | D:2      | Killed Jessica
  1531 | D:3      | Reached skill level 4 in Maces & Flails
  1559 | D:3      | Noticed Zizzlebop's ghost (amateur HOBe)
  1575 | D:3      | Mangled by Zizzlebop's ghost

Vault maps used:
D:1:      dpeg_arrival_round_c, minmay_newt_pond
D:2:      first_bread, uniq_jessica
D:3:      lemuel_crystal_altar, minmay_overflow_temple_hex, ecumenical_altar_1

Action                   |  1- 3 |  4- 6 || total
-------------------------+-------+-------++-------
Melee: Flail             |   100 |    19 ||   119
       Whip              |       |    30 ||    30
       Club              |       |    22 ||    22
Throw: Throwing net      |       |     1 ||     1
  Eat: Chunk             |       |     2 ||     2
